Map: Odyssée EC

Players

Lenny

  • Race: Protoss Protoss
  • League: Bronze
  • Spawn Location: 11:00

dtgc - Winner!

  • Race: Terran Terran
  • League: Bronze
  • Spawn Location: 5:00

VOD

Have the link to the VOD?

Description

Time

  • Played on: Aug. 1, 2017, 4:51 p.m.
  • Length: 16:24
Show
View Real Time Build Order
Export as new Build Order

Lenny Protoss 

Build Orders:  

Get SALT Encoding   

  12  0:02  Probe (Chrono Boost)  
  13  0:12  Probe (Chrono Boost)  
  14  0:17  Pylon  
  14  0:23  Probe (Chrono Boost)  
  16  0:36  Probe (Chrono Boost)  
  16  0:43  Gateway  
  16  0:46  Probe (Chrono Boost)  
  16  0:48  Assimilator  
  17  0:53  Assimilator  
  17  0:57  Probe (Chrono Boost)  
  18  1:08  Probe (Chrono Boost)  
  20  1:18  Probe (Chrono Boost)  
  20  1:29  Probe (Chrono Boost)  
  20  1:31  Zealot  
  23  1:44  Cybernetics Core  
  23  1:50  Pylon  
  23  2:00  Pylon  
  23  2:08  Probe (Chrono Boost)  
  24  2:18  Probe (Chrono Boost)  
  25  2:29  Probe (Chrono Boost)  
  26  2:47  Nexus  
  26  2:48  Pylon  
  26  2:49  Warp Gate (Chrono Boost)  
  27  2:53  Mothership Core (Chrono Boost)  
  27  2:54  Stalker  
  30  3:06  Gateway  
  30  3:11  Forge, Probe (Chrono Boost)  
  31  3:21  Probe (Chrono Boost)  
  32  3:31  Zealot  
  34  3:38  Probe  
  35  3:44  Protoss Ground Weapons Level 1 (Chrono Boost)  
  35  3:51  Probe  
  36  3:58  Stalker  
  38  4:03  Probe  
  39  4:11  Assimilator  
  39  4:12  Probe  
  39  4:14  Assimilator  
  40  4:19  Probe  
  40  4:22  Probe  
  42  4:31  Probe  
  42  4:33  Probe  
  42  4:37  Robotics Facility  
  44  4:43  Probe  
  44  4:44  Probe  
  44  4:45  Pylon  
  46  4:47  Pylon  
  46  4:54  Probe  
  46  4:56  Probe  
  48  5:04  Probe  
  49  5:08  Probe  
  50  5:15  Probe  
  50  5:20  Probe, Stalker  
  54  5:21  Stalker  
  54  5:25  Probe  
  58  5:28  Observer  
  58  5:32  Probe  
  58  5:34  Protoss Ground Armor Level 1 (Chrono Boost)  
  59  5:46  Twilight Council  
  59  5:49  Warp Prism  
  61  5:56  Robotics Bay  
  61  6:02  Robotics Facility  
  61  6:03  Robotics Facility  
  61  6:16  Nexus  
  61  6:17  Probe  
  62  6:18  Pylon  
  62  6:25  Immortal  
  66  6:32  Stalker x2  
  70  6:44  Gateway  
  70  6:50  Gateway x2  
  70  7:20  Stalker x2  
  74  7:25  Colossus x2  
  86  7:31  Probe  
  87  7:37  Probe  
  87  7:39  Protoss Ground Weapons Level 2 (Chrono Boost)  
  87  7:41  Probe  
  89  7:45  Zealot x2  
  89  7:49  Probe  
  94  7:52  Probe  
  94  7:56  Extended Thermal Lance  
  95  8:00  Charge (Chrono Boost)  
  95  8:01  Probe  
  95  8:03  Probe  
  97  8:13  Probe  
  97  8:15  Probe  
  99  8:24  Pylon  
  99  8:25  Probe  
  99  8:26  Pylon  
  100  8:29  Pylon  
  100  8:32  Pylon  
  100  8:34  Pylon  
  100  8:36  Pylon  
  100  8:38  Pylon  
  100  8:40  Pylon  
  100  8:42  Immortal  
  82  9:01  Stalker x5  
  92  9:22  Immortal  
  96  9:30  Blink (Chrono Boost)  
  96  9:33  Protoss Ground Armor Level 2  
  95  9:58  Stalker x3  
  95  9:59  Stalker  
  103  10:04  Stalker  
  103  10:05  Colossus  
  105  10:12  Colossus  
  117  10:14  Colossus, Gateway  
  117  10:16  Gateway  
  117  10:18  Gateway  
  117  10:20  Gateway  
  123  10:22  Gateway  
  123  10:24  Zealot x4  
  131  10:41  Stalker  
  133  10:51  Stalker x4  
  115  11:08  Stalker  
  77  11:26  Nexus  
  77  11:29  Colossus  
  77  11:34  Colossus  
  77  11:39  Colossus  
  95  11:48  Zealot x3  
  95  11:49  Zealot x5  
  95  11:50  Zealot x2  
  113  12:10  Stalker  
  113  12:11  Stalker x4  
  97  12:19  Stalker x3  
  85  12:28  Colossus  
  86  12:32  Stalker x2  
  87  12:57  Stalker x2  
  80  13:40  Probe  
  81  13:50  Probe  
  81  13:51  Stalker x3  
  88  14:01  Probe  
  89  14:11  Probe  
  60  14:22  Probe  
  53  14:28  Nexus  
  47  14:43  Pylon  
  47  14:47  Pylon  
  47  14:48  Mothership Core  
  49  14:59  Stalker x4  
  57  15:00  Assimilator, Stalker x2  
  57  15:02  Assimilator  
  42  15:47  Probe  
  43  15:58  Probe  
  44  16:08  Probe  
Show
View Real Time Build Order
Export as new Build Order

dtgc Terran - Winner!

Build Orders: MMM Bio 

Get SALT Encoding   

  12  0:01  SCV  
  13  0:13  SCV  
  14  0:18  Supply Depot  
  14  0:25  SCV  
  15  0:40  SCV  
  15  0:41  Barracks  
  16  0:52  SCV  
  16  0:55  Supply Depot  
  17  1:04  SCV  
  18  1:18  SCV  
  19  1:29  Marine  
  19  1:31  Orbital Command  
  20  1:46  Command Center  
  20  1:56  Marine  
  20  1:57  SCV  
  22  2:01  Barracks  
  22  2:14  Marine  
  23  2:22  SCV  
  24  2:31  Marine  
  24  2:34  SCV  
  26  2:44  Barracks  
  26  2:45  Refinery  
  26  2:47  SCV  
  26  2:49  Marine, Refinery  
  28  3:06  Bunker  
  28  3:12  SCV  
  29  3:14  Orbital Command  
  29  3:23  Marine x2  
  31  3:42  Marine x3  
  34  3:52  Factory  
  34  3:55  Supply Depot  
  34  4:01  SCV x2  
  36  4:03  Marine  
  36  4:04  Marine x2  
  38  4:13  SCV x2  
  40  4:25  SCV x2  
  40  4:29  Marine x2  
  40  4:30  Supply Depot, Marine  
  45  4:39  Starport, Factory Reactor  
  45  4:43  SCV x2  
  47  4:51  Barracks Tech Lab  
  47  4:52  Barracks Reactor  
  47  5:00  Barracks Reactor  
  47  5:01  SCV x2  
  47  5:03  Engineering Bay  
  49  5:08  Refinery  
  49  5:14  Stimpack  
  49  5:17  Marauder  
  51  5:26  Barracks  
  51  5:30  Medivac  
  51  5:34  Medivac, SCV  
  51  5:35  SCV  
  57  5:40  Marine x4  
  61  5:45  Supply Depot  
  61  5:48  Supply Depot  
  61  5:53  Missile Turret  
  61  5:54  Terran Infantry Weapons Level 1  
  61  5:55  SCV  
  62  6:04  Supply Depot  
  62  6:06  Medivac, SCV  
  62  6:07  Marauder  
  62  6:08  Factory Tech Lab  
  62  6:09  Marine x2  
  62  6:10  Marine x2  
  71  6:16  Supply Depot  
  71  6:28  Marauder  
  71  6:31  Marine x4, SCV x2  
  80  6:34  Barracks Reactor  
  80  6:36  Siege Tank  
  82  6:45  Refinery  
  82  6:53  SCV x2  
  82  6:54  Marine x4  
  84  6:55  Marauder  
  84  6:58  Viking, Medivac  
  94  7:15  Concussive Shells  
  94  7:25  Supply Depot  
  94  7:26  Supply Depot  
  94  7:27  Supply Depot  
  94  7:33  Liberator  
  94  7:34  Marine  
  94  7:36  Supply Depot  
  94  7:46  Marine x3, Medivac  
  94  7:47  SCV x2, Marine x2, Marauder, Siege Tank  
  111  8:01  SCV  
  111  8:02  Armory, Marine, SCV  
  111  8:04  Marine x2  
  116  8:09  Marauder  
  118  8:15  SCV x2  
  118  8:17  Terran Infantry Armor Level 1  
  120  8:41  Marine x5  
  120  8:42  Marine  
  120  8:46  Supply Depot  
  120  8:47  Supply Depot, SCV  
  126  8:52  Marauder, SCV  
  119  8:59  SCV  
  115  9:04  SCV  
  115  9:05  Marine x3  
  115  9:06  Marine x2  
  115  9:07  Marine  
  122  9:11  Viking x2  
  122  9:14  Marauder  
  122  9:16  SCV x2  
  130  9:19  Combat Shields  
  130  9:28  SCV  
  130  9:40  Siege Tank  
  130  9:41  Viking x2  
  137  10:11  SCV x2  
  137  10:12  Terran Infantry Weapons Level 2, Siege Tank  
  142  10:25  Supply Depot  
  142  10:29  Missile Turret  
  142  10:43  Starport, Supply Depot  
  142  10:47  Supply Depot, Marine x4, Marauder, Viking  
  150  11:01  Marine x2  
  150  11:02  Viking  
  141  11:20  SCV x2  
  143  11:31  Marine x7  
  143  11:32  SCV x2  
  152  11:37  Bunker  
  152  11:48  Starport Tech Lab  
  152  11:50  Marauder, Command Center  
  128  12:45  Marine x6  
  128  12:46  Marauder  
  112  13:20  Viking x3  
  112  13:22  Marine x6  
  112  13:23  Marauder  
  110  13:31  Orbital Command  
  106  13:36  Siege Tank  
  106  13:39  Marine  
  106  13:40  Marine x4  
  114  13:43  Supply Depot  
  114  13:44  Marauder  
  116  13:49  Orbital Command  
  116  13:50  Viking x3  
  116  13:55  Command Center  
  114  14:28  Marine x2  
  114  14:29  Marine x4  
  114  14:30  Marauder  
  121  14:43  Siege Tank  
  124  14:48  Medivac x2  
  128  14:57  Supply Depot  
  128  14:59  Supply Depot, Marine x2  
  128  15:00  Marine x5  
  128  15:04  SCV  
  128  15:05  SCV  
  137  15:19  Marauder  
  135  15:35  Marine x6  
  138  15:40  Marauder  
  143  15:44  Siege Tank  
  146  15:52  Marine  
  146  15:53  Marine x5  
  152  16:01  Marauder  
Tags
 
Composition
MMM Bio
Matchup
PvT
Spawn Locations
Cross Positions
Add a new tag
Caveats
  • Supply blocks, unpowered buildings, or Contaminate may cause inaccurate times.
  • Supply counts are checked every 10 seconds.